 Dungeon Crawl Stone Soup version 0.21.1-1-g345015f (webtiles) character file.

1564 tidbits the Insei (level 8, 45/61 HPs)
             Began as a Gnoll Transmuter on Feb 10, 2018.
             Quit the game on level 5 of the Dungeon.
             The game lasted 00:24:05 (2179 turns).

tidbits the Insei (Gnoll Transmuter)                Turns: 2179, Time: 00:24:06

Health: 45/61      AC:  6    Str: 13    XL:     8   Next: 89%
Magic:  26/26      EV: 16    Int: 17    God:
Gold:   262        SH:  3    Dex: 16    Spells: 4/19 levels left

rFire    . . .     SeeInvis .   b - +0 dagger
rCold    . . .     Gourm    .   (no shield)
rNeg     . . .     Faith    .   B - +0 steam dragon scales
rPois    .         Spirit   .   (no helmet)
rElec    .         Reflect  +   (no cloak)
rCorr    +         Harm     .   (no gloves)
MR       .....                  A - +0 pair of boots
Stlth    +++.......             n - +3 amulet of reflection
HPRegen  0.20/turn              y - ring of magical power
MPRegen  0.20/turn              K - ring of resist corrosion

@: no status effects
A: distributed training, fangs 1, strong nose
a: no special abilities


You were on level 5 of the Dungeon.
You were hungry.

You visited 1 branch of the dungeon, and saw 8 of its levels.
You also visited: Sewer.

You collected 262 gold pieces.

Inventory:

Hand Weapons
 a - a +2 hand axe of chopping
   (You found it on level 1 of the Dungeon)
 b - a +0 dagger (weapon)
 f - a +0 short sword
 h - a +0 hunting sling of velocity
   (You took it off a goblin on level 4 of the Dungeon)
 l - a +0 blowgun
 m - a +0 hand crossbow
 s - a +0 broad axe
 H - a +0 short sword of venom
   (You took it off a kobold in a sewer)
Missiles
 e - 123 stones (quivered)
 q - 5 tomahawks
 E - 20 poisoned needles
Armour
 g - a +0 ring mail
 i - a +0 robe
 r - +0 storm dragon scales
 A - a +0 pair of boots (worn)
 B - +0 steam dragon scales (worn)
Jewellery
 n - a +3 amulet of reflection (around neck)
   (You found it on level 1 of the Dungeon)
 y - a ring of magical power (left hand)
   (You found it on level 7 of the Dungeon)
 K - a ring of resist corrosion (right hand)
   (You acquired it on level 7 of the Dungeon)
Wands
 p - a wand of paralysis (5)
 w - a wand of random effects (29)
 z - a wand of flame (6)
Scrolls
 j - 2 scrolls of enchant weapon
 k - a scroll of teleportation
 o - a scroll of remove curse
 t - 3 scrolls of amnesia
 u - 2 scrolls of noise
 C - a scroll of fear
 I - a scroll of blinking {unknown}
Potions
 v - 4 potions of might
 x - a potion of lignification
 D - 2 potions of curing
 F - 3 potions of agility {unknown}
 G - 2 potions of heal wounds
 J - a potion of brilliance
 L - a potion of flight {unknown}
Books
 d - a book of Changes

   Spells                             Type                      Level
   a - Beastly Appendage              Transmutation                1
   b - Sticks to Snakes               Transmutation                2
   c - Spider Form                    Transmutation/Poison         3
   d - Ice Form                       Ice/Transmutation            4
   e - Blade Hands                    Transmutation                5
Comestibles
 c - 4 rations


   Skills:
 + Level 4.5 Fighting
 + Level 3.6 Short Blades
 + Level 3.6 Long Blades
 + Level 3.6 Axes
 + Level 3.6 Maces & Flails
 + Level 3.6 Polearms
 + Level 3.6 Staves
 + Level 3.6 Slings
 + Level 3.6 Bows
 + Level 3.6 Crossbows
 + Level 3.6 Throwing
 + Level 3.6 Armour
 + Level 5.9 Dodging
 + Level 3.6 Stealth
 + Level 3.6 Shields
 + Level 7.5 Unarmed Combat
 + Level 6.2 Spellcasting
 + Level 2.9 Conjurations
 + Level 2.9 Hexes
 + Level 2.9 Charms
 + Level 2.9 Summonings
 + Level 2.9 Necromancy
 + Level 2.9 Translocations
 + Level 4.8 Transmutations
 + Level 2.9 Fire Magic
 + Level 2.9 Ice Magic
 + Level 2.9 Air Magic
 + Level 2.9 Earth Magic
 + Level 2.9 Poison Magic
 + Level 4.0 Invocations
 + Level 3.6 Evocations


You had 4 spell levels left.
You knew the following spells:

 Your Spells              Type           Power        Failure   Level  Hunger
e - Beastly Appendage     Tmut           ###...       1%          1    None
h - Blade Hands           Tmut           ###.......   43%         5    #####..
i - Ice Form              Ice/Tmut       ###.....     24%         4    ####...
k - Sticks to Snakes      Tmut           ###.....     2%          2    None
p - Spider Form           Tmut/Pois      ###.......   8%          3    ##.....


Dungeon Overview and Level Annotations

Branches:
Dungeon (8/15)
 Temple: D:4-7         Lair: D:8-11

Altars:
Ashenzari
Fedhas
Okawaru
Wu Jian
Zin
The Shining One


Innate Abilities, Weirdness & Mutations

Your experience applies equally to all skills.
You have very sharp teeth.
Your uncanny sense of smell can sniff out nearby items.


Message History

The orc completely misses you.
You hear some strange, mumbled words.
A puff of flame appears from out of thin air!
The puff of flame hits you!
You hit the orc.
You kill the orc!
Something misses you.
You closely miss something.
You hear some strange, mumbled words.
Something tries to affect you, but you resist.
You miss something. You hit something. Something hits you but does no damage.
You closely miss something. Something hits you.
You hit something. Something closely misses you.
You barely miss something. Something hits you but does no damage.
You hit something. Something hits you.
You bite something!
You feel a bit more experienced.
Your transformation is almost over.
Things that are here:
a leather armour; an orc corpse You butcher the orc corpse.
Things that are here:
a leather armour; 3 chunks of flesh Eat one of 3 chunks of flesh? (ye/n/q)
You eat one of the 3 chunks of flesh.
This raw flesh tastes terrible.
Things that are here:
a flail; a scale mail
Things that are here:
a dagger; a robe; an orc corpse Your transformation has ended.
Your +0 dagger unmelds from your body.
Your +0 pair of boots unmelds from your body.
Your +0 steam dragon scales unmelds from your body.
Found 8 gold pieces.
Found a hunting sling.
Found a bubbling red potion.
A jelly comes into view.
The jelly moves out of view.
You see here a bubbling red potion.
L - a bubbling red potion
Found a short sword.
Found a whip.
An iguana comes into view.
A centaur zombie comes into view.
The iguana hisses angrily.
The centaur zombie hits you but does no damage.
You hit the centaur zombie.
The centaur zombie is lightly damaged.
The centaur zombie hits you.
Casting: Spider Form
Confirm with . or Enter, or press ? or * to list all spells.
You don't have anything to turn into a snake.
Casting: Sticks to Snakes
Confirm with . or Enter, or press ? or * to list all spells.
You turn into a venomous arachnid creature.
Your +0 dagger melds into your body.
Your +0 pair of boots melds into your body.
Your +0 steam dragon scales melds into your body.
The centaur zombie completely misses you.
You hit the iguana.
The iguana is poisoned.
The iguana is lightly wounded.
The centaur zombie hits you but does no damage.
The iguana misses you. The centaur zombie misses you.
You are feeling hungry.
You bite the iguana!
The iguana looks as sick as possible!
The iguana is heavily wounded.
The iguana barely misses you. The centaur zombie misses you.
You hit the iguana but do no damage.
The iguana looks as sick as possible!
The iguana is severely wounded.
The iguana misses you.
The centaur zombie completely misses you.
You bite the iguana!
You kill the iguana!
The centaur zombie closely misses you.
You bite the centaur zombie!
The centaur zombie is moderately damaged.
The centaur zombie completely misses you.
You bite the centaur zombie!
The centaur zombie is heavily damaged.
The centaur zombie closely misses you.
You bite the centaur zombie!
The centaur zombie is almost destroyed.
The centaur zombie completely misses you.
The centaur zombie misses you.
You hit the centaur zombie but do no damage.
The centaur zombie is almost destroyed.
The centaur zombie completely misses you.
You bite the centaur zombie!
You destroy the centaur zombie!
Your Invocations skill increases to level 4!
Found 17 bolts.
Your transformation is almost over.
Found a glowing silver altar of Zin.
Your transformation has ended.
Your +0 dagger unmelds from your body.
Your +0 pair of boots unmelds from your body.
Your +0 steam dragon scales unmelds from your body.
Are you sure you want to abandon this character and quit the game? (Confirm with "yes".)

#....## ##.....################
#......................
#.....#######.......... ♣♣.....#
#.......... ♣......# ###########
♣_.....# # ♣......# #
##########.♣....@# ###########
#........##♣..............)......
#>........#......................
####.#######...########........##
#...############# #........#.
####.#...........# #........#.
.....#.$.........# #........#.
.#####...........### #........#.
...# #.............# #..........


There were no monsters in sight!

Vanquished Creatures
  A steam dragon (D:7)
  A water moccasin (D:7)
  A phantom (D:7)
  3 ogres
  A big kobold (Sewer)
  A bullfrog (D:6)
  3 electric eels (D:7)
  A crimson imp (D:7)
  A bullfrog zombie (D:6)
  4 hounds
  A centaur zombie (D:5)
  An orc priest (D:5)
  Jessica (D:2)
  Ijyb (D:3)
  2 iguanas
  An orc wizard (D:5)
  A worker ant (D:4)
  A killer bee zombie (D:7)
  2 worker ant zombies (D:6)
  6 adders
  5 river rats (Sewer)
  2 shadow imps
  2 adder zombies (D:6)
  3 worms (D:2)
  A dart slug (D:4)
  4 leopard geckos
  7 orcs
  3 giant cockroaches
  13 goblins
  10 hobgoblins
  2 jackals (D:1)
  25 kobolds
  A quokka (D:3)
  6 ball pythons (Sewer)
  5 bats
  2 frilled lizards
  A jackal zombie (D:6)
  22 rats
148 creatures vanquished.

Vanquished Creatures (collateral kills)
  A bullfrog (D:6)
  A jelly (D:6)
  A gnoll (D:6)
  A river rat (Sewer)
  A shadow imp (D:7)
  An orc (D:3)
  A goblin (D:1)
  A hobgoblin (D:1)
  A quokka (D:7)
  A bat (D:3)
  2 frilled lizards (D:2)
  4 rats (Sewer)
16 creatures vanquished.

Vanquished Creatures (others)
  A goblin (D:4)
1 creature vanquished.

Grand Total: 165 creatures vanquished

Notes
Turn   | Place    | Note
-------+----------+-------------------------------------------
     0 | D:1      | tidbits the Gnoll Transmuter began the quest for the Orb.
     0 | D:1      | Reached XP level 1. HP: 17/17 MP: 6/6
    57 | D:1      | Reached XP level 2. HP: 10/23 MP: 5/7
    61 | D:1      | Learned a level 2 spell: Sticks to Snakes
   164 | D:2      | Reached skill level 5 in Spellcasting
   164 | D:2      | Reached XP level 3. HP: 20/28 MP: 2/9
   177 | D:2      | Learned a level 3 spell: Spider Form
   312 | D:2      | Reached skill level 1 in Invocations
   364 | D:2      | Reached skill level 1 in Short Blades
   364 | D:2      | Reached skill level 1 in Long Blades
   364 | D:2      | Reached skill level 1 in Axes
   364 | D:2      | Reached skill level 1 in Maces & Flails
   364 | D:2      | Reached skill level 1 in Polearms
   364 | D:2      | Reached skill level 1 in Staves
   364 | D:2      | Reached skill level 1 in Slings
   364 | D:2      | Reached skill level 1 in Bows
   364 | D:2      | Reached skill level 1 in Crossbows
   364 | D:2      | Reached skill level 1 in Throwing
   364 | D:2      | Reached skill level 1 in Armour
   364 | D:2      | Reached skill level 1 in Stealth
   364 | D:2      | Reached skill level 1 in Shields
   364 | D:2      | Reached skill level 1 in Evocations
   384 | D:2      | Reached XP level 4. HP: 23/34 MP: 7/11
   390 | D:2      | Learned a level 4 spell: Ice Form
   448 | D:2      | Noticed Jessica
   467 | D:2      | Found a blossoming altar of Fedhas.
   507 | D:2      | Killed Jessica
   534 | D:3      | Reached skill level 1 in Conjurations
   534 | D:3      | Reached skill level 1 in Hexes
   534 | D:3      | Reached skill level 1 in Charms
   534 | D:3      | Reached skill level 1 in Summonings
   534 | D:3      | Reached skill level 1 in Necromancy
   534 | D:3      | Reached skill level 1 in Translocations
   534 | D:3      | Reached skill level 1 in Fire Magic
   534 | D:3      | Reached skill level 1 in Ice Magic
   534 | D:3      | Reached skill level 1 in Air Magic
   534 | D:3      | Reached skill level 1 in Earth Magic
   534 | D:3      | Reached skill level 1 in Poison Magic
   551 | D:3      | Noticed Ijyb
   563 | D:3      | Paralysed by Ijyb for 7 turns
   567 | D:3      | Killed Ijyb
   567 | D:3      | Reached XP level 5. HP: 26/40 MP: 3/12
   704 | D:4      | Reached skill level 3 in Fighting
   736 | D:4      | Noticed an ogre
   743 | D:4      | Reached skill level 4 in Transmutations
   750 | D:4      | Killed an ogre
   750 | D:4      | Reached skill level 2 in Invocations
   750 | D:4      | Reached XP level 6. HP: 36/47 MP: 8/13
   761 | D:5      | Entered Level 5 of the Dungeon
   768 | D:5      | Reached skill level 2 in Short Blades
   768 | D:5      | Reached skill level 2 in Long Blades
   768 | D:5      | Reached skill level 2 in Axes
   768 | D:5      | Reached skill level 2 in Maces & Flails
   768 | D:5      | Reached skill level 2 in Polearms
   768 | D:5      | Reached skill level 2 in Staves
   768 | D:5      | Reached skill level 2 in Slings
   768 | D:5      | Reached skill level 2 in Bows
   768 | D:5      | Reached skill level 2 in Crossbows
   768 | D:5      | Reached skill level 2 in Throwing
   768 | D:5      | Reached skill level 2 in Armour
   768 | D:5      | Reached skill level 5 in Dodging
   768 | D:5      | Reached skill level 2 in Stealth
   768 | D:5      | Reached skill level 2 in Shields
   768 | D:5      | Reached skill level 2 in Evocations
   837 | D:5      | Found a shattered altar of Ashenzari.
   929 | D:7      | Noticed a steam dragon
   952 | D:7      | Killed a steam dragon
   952 | D:7      | Reached skill level 7 in Unarmed Combat
   952 | D:7      | Reached XP level 7. HP: 33/52 MP: 15/15
   997 | D:7      | Reached skill level 2 in Conjurations
   997 | D:7      | Reached skill level 2 in Hexes
   997 | D:7      | Reached skill level 2 in Charms
   997 | D:7      | Reached skill level 2 in Summonings
   997 | D:7      | Reached skill level 2 in Necromancy
   997 | D:7      | Reached skill level 2 in Translocations
   997 | D:7      | Reached skill level 2 in Fire Magic
   997 | D:7      | Reached skill level 2 in Ice Magic
   997 | D:7      | Reached skill level 2 in Air Magic
   997 | D:7      | Reached skill level 2 in Earth Magic
   997 | D:7      | Reached skill level 2 in Poison Magic
  1035 | D:7      | Learned a level 5 spell: Blade Hands
  1039 | D:7      | Found a transporter.
  1045 | D:7      | Found a transporter.
  1078 | D:7      | Reached skill level 3 in Invocations
  1210 | D:6      | Reached XP level 8. HP: 21/60 MP: 16/16
  1249 | D:6      | Reached skill level 4 in Fighting
  1255 | D:6      | Reached skill level 3 in Short Blades
  1255 | D:6      | Reached skill level 3 in Long Blades
  1255 | D:6      | Reached skill level 3 in Axes
  1255 | D:6      | Reached skill level 3 in Maces & Flails
  1255 | D:6      | Reached skill level 3 in Polearms
  1255 | D:6      | Reached skill level 3 in Staves
  1255 | D:6      | Reached skill level 3 in Slings
  1255 | D:6      | Reached skill level 3 in Bows
  1255 | D:6      | Reached skill level 3 in Crossbows
  1255 | D:6      | Reached skill level 3 in Throwing
  1255 | D:6      | Reached skill level 3 in Armour
  1255 | D:6      | Reached skill level 3 in Stealth
  1255 | D:6      | Reached skill level 3 in Shields
  1255 | D:6      | Reached skill level 3 in Evocations
  1410 | D:6      | Found an iron altar of Okawaru.
  1462 | D:6      | Reached skill level 6 in Spellcasting
  1539 | D:6      | Found a glowing drain.
  1543 | Sewer    | Entered a sewer
  1933 | D:6      | Found a glowing golden altar of the Shining One.
  1969 | D:7      | Found an ornate altar of the Wu Jian Council.
  1973 | D:7      | Identified a scroll of acquirement
  2145 | D:5      | Reached skill level 4 in Invocations
  2170 | D:5      | Found a glowing silver altar of Zin.
  2179 | D:5      | Quit the game

Skill      XL: |  1  2  3  4  5  6  7  8 |
---------------+-------------------------+-----
Spellcasting   | 5 6 |  6.2
Invocations    | 1 2 3 4 |  4.0
Short Blades   | 1 2 3 |  3.6
Long Blades    | 1 2 3 |  3.6
Axes           | 1 2 3 |  3.6
Maces & Flails | 1 2 3 |  3.6
Polearms       | 1 2 3 |  3.6
Staves         | 1 2 3 |  3.6
Slings         | 1 2 3 |  3.6
Bows           | 1 2 3 |  3.6
Crossbows      | 1 2 3 |  3.6
Throwing       | 1 2 3 |  3.6
Armour         | 1 2 3 |  3.6
Stealth        | 1 2 3 |  3.6
Shields        | 1 2 3 |  3.6
Evocations     | 1 2 3 |  3.6
Conjurations   | 1 2 |  2.9
Hexes          | 1 2 |  2.9
Charms         | 1 2 |  2.9
Summonings     | 1 2 |  2.9
Necromancy     | 1 2 |  2.9
Translocations | 1 2 |  2.9
Fire Magic     | 1 2 |  2.9
Ice Magic      | 1 2 |  2.9
Air Magic      | 1 2 |  2.9
Earth Magic    | 1 2 |  2.9
Poison Magic   | 1 2 |  2.9
Fighting       | 3 4 |  4.5
Transmutations | 4 |  4.8
Dodging        | 5 |  5.9
Unarmed Combat | 7 |  7.5

Action                   |  1- 3 |  4- 6 |  7- 9 || total
-------------------------+-------+-------+-------++-------
Melee: Unarmed           |    62 |    58 |   105 ||   225
       Headbutt          |     7 |       |     9 ||    16
       Bite              |     3 |     8 |     7 ||    18
       Punch             |     3 |     3 |     1 ||     7
       Hand axe          |    10 |    47 |    63 ||   120
       Kick              |     2 |     9 |     5 ||    16
       Dagger            |       |     3 |    14 ||    17
 Fire: Hunting sling     |       |     8 |       ||     8
Throw: Stone             |     1 |     1 |       ||     2
 Cast: Beastly Appendage |    12 |     4 |     9 ||    25
       Sticks to Snakes  |     4 |     6 |    13 ||    23
       Spider Form       |     4 |     9 |    12 ||    25
Evoke: Wand              |       |       |    13 ||    13
  Use: Potion            |     1 |     2 |     3 ||     6
       Scroll            |       |     6 |     4 ||    10
 Stab: Sleeping          |     1 |     3 |     8 ||    12
       Distracted        |       |     2 |     2 ||     4
       Paralysed         |       |       |     5 ||     5
  Eat: Chunk             |       |     1 |     5 ||     6
Armor: Robe              |     8 |     4 |       ||    12
       Skin              |     2 |     8 |     4 ||    14
       Steam dragon scal |       |       |    17 ||    17
Dodge: Dodged            |    52 |    91 |   160 ||   303
Block: Other             |     2 |    16 |    29 ||    47
       Reflection        |       |     2 |     2 ||     4

Table legend:
 A = Turns spent in this place as a percentage of turns spent in the entire game.
 B = Non-inter-level travel turns spent in this place as a percentage of non-inter-level travel turns spent in the entire game.
 C = Inter-level travel turns spent in this place as a percentage of turns spent in this place.
 D = Turns resting spent in this place as a percentage of non-inter-level travel turns spent in this place.
 E = Turns spent auto-exploring this place as a percentage of non-inter-level travel turns spent in this place.
 F = Non-inter-level travel turns spent in this place divided by the number of levels of this place that you've seen.
                   A       B       C       D       E      F
               +-------+-------+-------+-------+-------+----------------------
         Total | 100.0 | 100.0 |   4.1 |   0.0 |   0.0 | 232.2
       Dungeon |  85.3 |  84.6 |   4.8 |   0.0 |   0.0 | 221.1
         Sewer |  14.7 |  15.4 |   0.0 |   0.0 |   0.0 | 321.0
               +-------+-------+-------+-------+-------+----------------------

Table legend:
 A = Kills in this place as a percentage of kills in entire the game.
 B = Kills by you in this place as a percentage of kills by you in the entire game.
 C = Kills by friends in this place as a percentage of kills by friends in the entire game.
 D = Other kills in this place as a percentage of other kills in the entire game.
 E = Experience gained in this place as a percentage of experience gained in the entire game.
 F = Experience gained in this place divided by the number of levels of this place that you have seen.
                   A       B       C       D       E      F
               +-------+-------+-------+-------+-------+----------------------
         Total | 100.0 | 100.0 | 100.0 | 100.0 | 100.0 | 248.3
       Dungeon |  70.9 |  70.9 |  68.8 | 100.0 |  89.3 | 249.4
         Sewer |  29.1 |  29.1 |  31.2 |   0.0 |  10.7 | 240.0
               +-------+-------+-------+-------+-------+----------------------

Vault maps used:
D:1:      saegor_arrival_miasma
D:2:      tgw_fedhas, first_ration, uniq_jessica
D:3:      minitemple, nicolae_qazlal_style_of_elements, uniq_ijyb
D:4:      nemelex_xobeh_ov_fountains_minmay, kennysheep_mini,
          minmay_temple_entry_butterflies, serial_shops, shop,
          grunt_decor_one_mirror, minmay_goblin_outpost
D:5:      zin_academy, ashenzari_altar_1
D:6:      okawaru_altar_gauntlet_db, lemuel_doored_altar, gup_sewer_entry_spiral
D:7:      gammafunk_steamed_eel, lemuel_coloured_pillars_altar,
          kennysheep_generic_room_5
D:8:      uniq_pikel
Sewer:    sewer_minmay_treatment
